 Dungeon Crawl Stone Soup version 0.28.0-62-gf88900778d (webtiles) character file.

Game seed: 15908821265164743001

11452 cbfl8 the Basher (level 11, -2/69 HPs)
             Began as a Gargoyle Berserker on Aug 13, 2023.
             Was an Elder of Trog.
             Slain by a cane toad simulacrum (3 damage)
             ... in an ice cave.
             The game lasted 00:22:54 (20694 turns).

cbfl8 the Basher (Gargoyle Berserker)              Turns: 20694, Time: 00:22:54

Health: -2/69      AC: 25    Str: 20    XL:     11   Next: 77%
Magic:  11/11      EV: 25    Int:  9    God:    Trog [****..]
Gold:   802        SH:  0    Dex: 13    Spells: 10/10 levels left

rFire   + . .      SeeInvis +   a - +5 mace (freeze)
rCold   + + .      Faith    .   (no shield)
rNeg    + . .      Spirit   .   M - +1 scale mail {rC+}
rPois   ∞          Reflect  .   d - +1 helmet
rElec   +          Harm     .   x - scarf {rC+ rF+}
rCorr   .          Rampage  .   (no gloves)
Will    .....                   G - +0 pair of boots
Stlth   +.........              b - amulet of the acrobat
HPRegen 0.21/turn               i - ring of see invisible
MPRegen 0.12/turn               F - +4 ring of protection

@: on berserk cooldown, acrobatic, hasted and slowed
A: sickness immunity, AC +8, negative energy resistance 1, electricity
resistance, torment resistance 1, petrification resistance
a: Renounce Religion, Berserk, Trog's Hand, Brothers in Arms


You were in an ice cave.
You worshipped Trog.
Trog was greatly pleased with you.
You visited 2 branches of the dungeon, and saw 13 of its levels.
You also visited: Ossuary and Ice Cave.

You collected 802 gold pieces.

Inventory:

Hand Weapons
 a - a +5 mace of freezing (weapon)
 K - a +0 dire flail
Missiles
 l - a throwing net
 t - 2 silver boomerangs
Armour
 d - a +1 helmet (worn)
 e - a +1 chain mail of fire resistance
 x - a scarf of resistance (worn)
 C - a +0 cloak
 G - a +0 pair of boots (worn)
 M - a +1 scale mail of cold resistance (worn)
Jewellery
 b - an amulet of the acrobat (around neck)
 i - a ring of see invisible (left hand)
 v - a ring of resist corrosion
 F - a +4 ring of protection (right hand)
Wands
 f - a wand of flame (6)
 m - a wand of charming (4) (quivered)
 B - a wand of digging (2)
 I - a wand of iceblast (10)
 O - a wand of acid (4)
Scrolls
 j - 5 scrolls of enchant weapon
 q - 2 scrolls of magic mapping
 s - 2 scrolls of silence {unknown}
 u - a scroll of fog
 y - a scroll of torment {unknown}
 E - a scroll of noise
 H - a scroll of holy word {unknown}
 N - a scroll of vulnerability {unknown}
Potions
 c - a potion of lignification {unknown}
 g - 5 potions of curing
 h - 2 potions of cancellation
 k - a potion of flight {unknown}
 n - 2 potions of resistance {unknown}
 o - 2 potions of heal wounds {unknown}
 p - 3 potions of mutation {unknown}
 r - a potion of magic {unknown}
 w - 2 potions of haste
 z - 5 potions of attraction {unknown}
 A - 3 potions of invisibility {unknown}
 D - 2 potions of brilliance {unknown}
 J - a potion of degeneration {unknown}
 L - a potion of berserk rage
 P - a potion of might {unknown}


   Skills:
 + Level 8.4 Fighting
 + Level 11.3 Maces & Flails
 * Level 4.1 Throwing
 + Level 10.2 Armour
 - Level 1.5 Dodging
 - Level 2.8 Stealth
 * Level 7.1 Evocations


You had 10 spell levels left.
You didn't know any spells.
Your spell library was empty.

Dungeon Overview and Level Annotations

Branches:
Dungeon (12/15)            Temple (1/1) D:6            Lair (0/6) D:10
    Orc (0/2) D:10        Ossuary (visited)           IceCv (1/1)

Altars:
Cheibriados
Dithmenos
Gozag
Nemelex Xobeh
Trog
Wu Jian
Yredelemnul
Zin

Shops:
D:4 =   D:6 (   D:11 (

Annotations:
D:2 Sigmund
D:9 1 runed translucent door, cbfl8's ghost, novice MfBe


Innate Abilities, Weirdness & Mutations

You are immune to sickness and miasma.
Your stone body is resilient. (AC +8)
You are immune to poison.
You resist negative energy. (rN+)
You are resistant to electric shocks. (rElec)
You are resistant to unholy torment.
You are immune to petrification.


Message History

You thump the troll simulacrum!
The troll simulacrum vaporises!
Trog accepts your kill. The reaper closely misses you.
You feel a strong urge to attack something.
The reaper hits you from afar with a +2 scythe of freezing.
You hit the white imp.
The white imp is moderately wounded.
You closely miss the white imp.
The white imp is moderately wounded.
The reaper hits you from afar with a +2 scythe of freezing!!
* * * LOW HITPOINT WARNING * * *
The white imp is engulfed in freezing vapours.
The white imp hits you but does no damage.
You sock the white imp!
You kill the white imp!
Trog accepts your kill. The reaper hits you but does no damage.
You feel a strong urge to attack something.
You are no longer berserk.
You are exhausted.
You feel yourself slow down.
Okay, then.
You feel yourself speed up.
The reaper says, "Everyone has to die sometime, and your time is now."
The reaper hits you but does no damage.
You enter the shallow water.
Moving in this stuff is going to be slow.
The reaper hits you from afar with a +2 scythe of freezing!
* * * LOW HITPOINT WARNING * * *
The reaper freezes you.
* * * LOW HITPOINT WARNING * * *
The cane toad simulacrum misses you.
The cane toad simulacrum completely misses you.
The cane toad simulacrum closely misses you.
The cane toad simulacrum hits you but does no damage.
The cane toad simulacrum hits you!
* * * LOW HITPOINT WARNING * * *
The cane toad simulacrum freezes you. You resist.
You die...

## ##....##
###.....## .###
#....## ###..##
...####..###
#...##
.###.###...###
###..#
..###.####...#
##...##
...#.####...##
#..###
##...##...###
##..# ###....###
##..## ######
#.@###
##.Z≈############
####2Z#≈≈≈##...###
##≈≈≈≈#≈..##..#
#≈#≈#≈≈.#####..
#≈#####....#..#
####.....#..#.Z
#...######## #..(#


You could see a reaper, a cane toad simulacrum and a polar bear simulacrum.

Vanquished Creatures
  Harold (D:10)
  A cyclops (D:9)
  An ice statue (IceCv)
  Maggie (D:10)
  An unseen horror (D:10)
  An anaconda simulacrum (IceCv)
  2 trolls
  3 slime creatures (D:12)
  A wyvern (D:9)
  A dire elephant simulacrum (IceCv)
  2 wraiths
  6 yaks (D:9)
  A shadow (D:11)
  Eustachio (D:5)
  A basilisk (D:12)
  2 death yak simulacra (IceCv)
  3 steam dragons
  A harpy simulacrum (IceCv)
  An acid dragon (D:8)
  Menkaure (D:4)
  2 swamp worms (D:8)
  Duvessa (D:5)
  A water moccasin (D:8)
  3 orc warriors (D:10)
  An ice beast (D:6)
  3 hornet zombies
  3 ogres
  A black bear (D:5)
  A necrophage (D:8)
  A tengu (shapeshifter) (D:10)
  3 centaurs
  2 kobold brigands (D:11)
  2 wyvern zombies
  2 bullfrogs
  A cane toad simulacrum (IceCv)
  6 water moccasin zombies
  3 scorpions
  5 two-headed ogre simulacra
  3 killer bees (D:6)
  A water moccasin skeleton (D:5)
  Dowan (D:5)
  An elephant simulacrum (IceCv)
  5 wights (D:8)
  A howler monkey (D:8)
  5 electric eels (D:11)
  A bullfrog zombie (D:7)
  A centaur zombie (D:9)
  2 hounds
  2 jellies (D:5)
  6 orc priests
  2 iguanas (D:6)
  Ijyb (D:3)
  2 centaur skeletons
  A scorpion zombie (D:5)
  Terence (D:2)
  7 troll simulacra
  10 orc wizards
  2 polar bear simulacra
  4 wolf simulacra
  7 spriggan simulacra
  A hound skeleton (D:4)
  2 mummies (Ossuary)
  A howler monkey skeleton (D:6)
  4 adders
  5 gnolls
  5 naga simulacra
  8 white imps
  6 ufetubi (IceCv)
  4 adder zombies (Ossuary)
  2 adder skeletons (D:4)
  3 worms
  A dart slug (D:3)
  29 orcs
  3 ball pythons
  4 endoplasms
  A gnoll zombie (Ossuary)
  10 goblins
  2 hobgoblins
  10 jackals
  4 quokkas
  2 bats
  2 frilled lizards (D:3)
  2 hobgoblin zombies (Ossuary)
  6 kobolds
  9 kobold zombies (Ossuary)
  3 orc zombies (Ossuary)
  2 rats (D:1)
270 creatures vanquished.

Vanquished Creatures (collateral kills)
  A freezing wraith (D:11)
1 creature vanquished.

Vanquished Creatures (others)
  A yak (D:10)
  15 fungi (D:10)
  18 plants
34 creatures vanquished.

Grand Total: 305 creatures vanquished

Notes
Turn   | Place    | Note
-------+----------+-------------------------------------------
     0 | D:1      | cbfl8 the Gargoyle Berserker began the quest for the Orb.
     0 | D:1      | Reached XP level 1. HP: 14/14 MP: 1/1
   146 | D:1      | Reached XP level 2. HP: 4/19 MP: 2/2
  1439 | D:1      | Found a faded altar of an unknown god.
  1563 | D:2      | Reached skill level 1 in Evocations
  1563 | D:2      | Reached XP level 3. HP: 16/23 MP: 3/3
  1843 | D:2      | Noticed Terence
  1844 | D:2      | Noticed Sigmund
  2289 | D:2      | Killed Terence
  2445 | D:2      | Found an ornate altar of the Wu Jian Council.
  2737 | D:3      | Reached XP level 4. HP: 10/29 MP: 4/4
  3133 | D:3      | Reached skill level 4 in Maces & Flails
  3137 | D:3      | Reached XP level 5. HP: 33/33 MP: 5/5
  3417 | D:3      | Found a glowing silver altar of Zin.
  3418 | D:3      | Noticed an angel
  3981 | D:3      | Noticed Ijyb
  3994 | D:3      | Killed Ijyb
  4418 | D:4      | Found Oloorokhe's Jewellery Shoppe.
  4442 | D:4      | Reached XP level 6. HP: 30/38 MP: 6/6
  4623 | D:4      | Found a sand-covered staircase.
  4637 | Ossuary  | Entered an ossuary
  4651 | Ossuary  | Reached ** piety under Trog
  4686 | Ossuary  | Reached skill level 5 in Maces & Flails
  4892 | Ossuary  | Reached XP level 7. HP: 39/44 MP: 7/7
  5059 | Ossuary  | Reached skill level 6 in Maces & Flails
  5378 | D:4      | Identified the +11 dagger of the Beast {freeze, rPois rC-
                  | rN++ Stlth+}
  5999 | D:5      | Entered Level 5 of the Dungeon
  5999 | D:5      | Noticed Eustachio
  6021 | D:5      | HP: 1/44 [hornet zombie (10)]
  6775 | D:5      | Noticed Dowan
  6784 | D:5      | Noticed Duvessa
  6787 | D:5      | Killed Duvessa
  6790 | D:5      | Killed Dowan
  7303 | D:5      | Noticed Menkaure
  7306 | D:4      | Killed Menkaure
  7307 | D:4      | Reached skill level 5 in Armour
  7307 | D:4      | Reached XP level 8. HP: 48/48 MP: 8/8
  7426 | D:5      | Reached skill level 5 in Fighting
  7486 | D:5      | Identified the +0 robe "Heufis" {Archmagi}
  7740 | D:5      | Reached skill level 1 in Stealth
  7823 | D:5      | Killed Eustachio
  7824 | D:5      | Reached skill level 7 in Maces & Flails
  7909 | D:5      | Reached *** piety under Trog
  8160 | D:5      | Reached XP level 9. HP: 40/54 MP: 9/9
  8281 | D:5      | Identified the +3 leather armour of an ossuary {rElec
                  | Int+5}
  9009 | D:6      | Reached skill level 8 in Maces & Flails
  9015 | D:6      | Reached skill level 5 in Evocations
  9213 | D:6      | Found a staircase to the Ecumenical Temple.
  9641 | D:6      | Found Nihitav's Antique Weapon Shop.
 10258 | Temple   | Entered the Ecumenical Temple
 10582 | D:7      | Found a sparkling altar of Nemelex Xobeh.
 10583 | D:7      | Found a bloodstained altar of Trog.
 10583 | D:7      | Found an opulent altar of Gozag.
 10813 | D:7      | Noticed a troll
 10822 | D:7      | Killed a troll
 11324 | D:8      | Reached skill level 9 in Maces & Flails
 11536 | D:8      | Reached XP level 10. HP: 61/61 MP: 10/10
 13048 | D:9      | Reached skill level 1 in Throwing
 13106 | D:9      | Noticed a cyclops
 13112 | D:10     | Entered Level 10 of the Dungeon
 13336 | D:9      | Killed a cyclops
 13713 | D:9      | Found a shadowy altar of Dithmenos.
 13713 | D:9      | Found a snail-covered altar of Cheibriados.
 13804 | D:9      | Reached skill level 10 in Maces & Flails
 13906 | D:9      | Found a runed translucent door.
 13906 | D:9      | Noticed cbfl8's ghost (novice MfBe)
 14591 | D:10     | Found a staircase to the Lair.
 14599 | D:10     | Noticed an unseen horror
 15222 | D:10     | Noticed Harold
 15229 | D:10     | Killed Harold
 15230 | D:10     | Reached XP level 11. HP: 38/68 MP: 11/11
 15653 | D:10     | Found a staircase to the Orcish Mines.
 15942 | D:10     | Noticed Maggie
 15959 | D:10     | Killed Maggie
 16244 | D:11     | HP: 1/102 [freezing wraith (11)]
 16799 | D:11     | Reached **** piety under Trog
 17027 | D:11     | Found Awusue Nonwe's Antique Weapon Shop.
 17575 | D:12     | Found a frozen archway.
 17584 | D:12     | Reached skill level 11 in Maces & Flails
 17649 | IceCv    | Entered an ice cave
 17714 | IceCv    | Reached skill level 10 in Armour
 20653 | IceCv    | Noticed a reaper
 20694 | IceCv    | HP: 1/69 [cane toad simulacrum (12)]
 20694 | IceCv    | Slain by a cane toad simulacrum

Illustrated notes

Levels and vault maps discovered:
D:1:      dpeg_arrival_pond, layout_loops_corners,
          shapermc_ecumenical_altar_hornbeckon
D:2:      layout_rooms, basic_altar, uniq_terence, uniq_sigmund
D:3:      kennysheep_goblin_castle, layout_basic, zin_angel
D:4:      layout_loops_ring, nicolae_ossuary_entry_monument, serial_shops,
          nicolae_shop_hallway_plus, minmay_misc_feat_nine_boxes
D:5:      layout_rooms, uniq_eustachio, uniq_duvessa, uniq_menkaure
D:6:      layout_basic, minmay_temple_entry_purple_smoke, serial_shops,
          nicolae_diamond_shop
D:7:      layout_basic, chequers_temple_overflow_statue_of_worship,
          corexii_hall_statues_x
D:8:      layout_basic, serial_park_tiny_1, worms_lemuel
D:9:      layout_roguey, gammafunk_temple_overflow_statue, gammafunk_ghost_grave
D:10:     layout_loops_cross, grunt_lair_entry_orc_guard_hut, orc_0_dummy,
          uniq_maggie, uniq_harold
D:11:     layout_basic, serial_shops, kennysheep_little_box,
          corexii_corridor_pit
D:12:     layout_irregular_city, serial_shops, shop,
          portal_ice_cave_entry_ice_simulacra
Temple:   nicolae_temple_elliptical
IceCv:    ice_cave_caverns_03

Skill      XL: |  1  2  3  4  5  6  7  8  9 10 11 |
---------------+----------------------------------+-----
Evocations     | 1 2 3 4 5 6 7 |  7.1
Maces & Flails | 4 5 6 7 9 10 11 | 11.3
Armour         | 3 5 6 8 9 10 | 10.2
Fighting       | 4 5 6 7 8 |  8.4
Stealth        | 1 2 |  2.8
Throwing       | 2 4 |  4.1
Dodging        | |  1.5

Action                   |  1- 3 |  4- 6 |  7- 9 | 10-12 || total
-------------------------+-------+-------+-------+-------++-------
Melee: Mace              |    74 |   228 |   399 |   481 ||  1182
       Punch             |       |     2 |     5 |     8 ||    15
Throw: Boomerang         |       |       |       |     2 ||     2
Invok: Berserk           |     2 |     3 |    10 |    14 ||    29
       Trog's Hand       |       |       |       |     1 ||     1
Evoke: Wand              |       |       |     8 |    32 ||    40
  Use: Scroll            |       |     1 |     6 |     9 ||    16
       Potion            |       |       |     2 |     2 ||     4
 Stab: Confused          |       |       |       |     3 ||     3
Armor: Ring mail         |    14 |       |       |       ||    14
       Animal skin       |     2 |       |       |       ||     2
       Plate armour      |    13 |       |       |       ||    13
       Chain mail        |    19 |   163 |   379 |   306 ||   867
       Scale mail        |       |       |       |     9 ||     9
Dodge: Dodged            |    56 |   113 |   221 |   238 ||   628
